 Dungeon Crawl Stone Soup version 0.18-a0-918-g58938db (webtiles) character file.

50 Morbidden the Conjurer (level 3, -4/26 HPs)
             Began as a Draconian Conjurer on Dec 27, 2015.
             Killed by divine providence
             ... invoked by an orc priest
              (8 damage)
             ... on level 3 of the Dungeon.
             The game lasted 00:05:48 (1737 turns).

Morbidden the Conjurer (Draconian Conjurer)         Turns: 1737, Time: 00:05:48

Health: -4/26      AC:  6    Str: 15      XL:     3   Next: 55%
Magic:  0/6        EV: 12    Int: 20 (21) God:
Gold:   92         SH:  0    Dex: 11      Spells: 1 memorised, 5 levels left

rFire  . . .     SeeInvis .     q - potion of haste
rCold  . . .     Gourm    .     (armour unavailable)
rNeg   . . .     Faith    .     (no shield)
rPois  .         Spirit   .     (helmet restricted)
rElec  .         Dismiss  .     (no cloak)
rCorr  .         Reflect  .     (no gloves)
SustAt .         Harm     .     (no boots)
MR     .....                    (no amulet)
Stlth  ++........               (no ring)
                                k - +1 ring of protection

@: mighty, brilliant, lethally poisoned (-4 -> -40), not resistant to hostile
enchantments, unstealthy
A: unfitting armour, cold-blooded, AC +5
a: no special abilities


You were on level 3 of the Dungeon.
You were hungry.

You visited 1 branch of the dungeon, and saw 3 of its levels.

You collected 92 gold pieces.

Inventory:

Jewellery
 k - a +1 ring of protection (left hand)
Wands
 s - a wand of flame (24/48)
Scrolls
 d - 3 scrolls of noise {unknown}
 h - a scroll of immolation {unknown}
 l - a scroll of magic mapping {unknown}
 m - 2 scrolls of teleportation {unknown}
 n - a scroll of enchant armour {unknown}
 o - a scroll of fear {unknown}
 p - a scroll of remove curse {unknown}
Potions
 q - a potion of haste (in hand)
 r - a potion of might
Books
 a - a book of Conjurations

   Spells                             Type                      Level
   a - Magic Dart                     Conjuration                  1
   b - Searing Ray                    Conjuration                  2
   c - Dazzling Spray                 Conjuration/Hexes            3
   d - Fulminant Prism                Conjuration/Hexes            4
   e - Iskenderun's Mystic Blast      Conjuration                  4
   f - Iskenderun's Battlesphere      Conjuration/Charms           5
Comestibles
 b - 3 bread rations
 c - 2 fruits
 g - 2 meat rations


   Skills:
 - Level 1.7 Dodging
 - Level 1.7 Stealth
 - Level 2.0 Spellcasting
 + Level 5.3 Conjurations


You had 5 spell levels left.
You knew the following spells:

 Your Spells              Type           Power        Failure   Level  Hunger
a - Magic Dart            Conj           ####         1%          1    #......


Dungeon Overview and Level Annotations

Branches:
Dungeon (3/15)

Altars:
Makhleb
Zin

Annotations:
D:3 ZiggyStardust's ghost, amateur OgIE


Innate Abilities, Weirdness & Mutations

Your plain brown scales are hard (AC +5).
Your body does not fit into most forms of armour.
You are cold-blooded and may be slowed by cold attacks.


Message History

Really attack while wielding your potion of haste? [Y]es or [N]o only, please.
Really attack while wielding your potion of haste?
Okay, then.
Unknown command.
Unknown command.
Casting: Magic Dart
Confirm with . or Enter, or press ? or * to list all spells.
Aiming: Magic Dart
Press: ? - help, Shift-Dir - straight line, f/p - ZiggyStardust's ghost
Aim: ZiggyStardust's ghost, wielding a weapon of venom (lightly damaged, protected by a disc of dense vapour)
The magic dart hits ZiggyStardust's ghost.
ZiggyStardust's ghost is lightly damaged.
The orc shouts!
* * * LOW HITPOINT WARNING * * *
You feel very sick. The orc closely misses you.
The orc priest invokes the aid of Beogh against you.
Something smites you!
You die...

### ... #o# #.#
#o# #o# #o#
#########@#
####.......W.#
#....#########
#####..........#
.......#######.#
########


You could see an orc priest, ZiggyStardust's ghost and 3 orcs.

Vanquished Creatures
  An adder (D:2)
  3 oozes
  A giant gecko (D:2)
  3 giant cockroaches
  6 goblins
  A hobgoblin (D:1)
  A kobold (D:2)
  2 ball pythons (D:2)
  4 bats
  3 giant newts
  A quokka (D:2)
  2 rats (D:2)
28 creatures vanquished.

Notes
Turn   | Place    | Note
--------------------------------------------------------------
     0 | D:1      | Morbidden the Draconian Conjurer began the quest for the Orb.
     0 | D:1      | Reached XP level 1. HP: 14/14 MP: 3/3
   400 | D:1      | Reached XP level 2. HP: 20/20 MP: 0/5
   885 | D:2      | Found a burning altar of Makhleb.
   886 | D:2      | Noticed a green death
   888 | D:2      | Found a glowing silver altar of Zin.
   888 | D:2      | Noticed an angel
  1077 | D:2      | Reached skill level 5 in Conjurations
  1077 | D:2      | Reached XP level 3. HP: 9/26 MP: 3/6
  1711 | D:3      | Noticed ZiggyStardust's ghost (amateur OgIE)
  1737 | D:3      | Killed from afar by an orc priest

Vault maps used:
D:1:      dpeg_arrival_orchard
D:2:      grunt_temple_overflow_order_and_chaos_2, first_bread
D:3:      grunt_qazlal_clouds, serial_park_tiny_1, kennysheep_generic_room_12

Action                   || total
-------------------------++-------
Melee: Unarmed           ||     9
 Cast: Magic Dart        ||    64
Evoke: Wand              ||     1
  Use: Potion            ||     8
 Stab: Sleeping          ||     1
  Eat: Chunk             ||     3
